 Dungeon Crawl Stone Soup version 0.31.0-1-g2c135a0 (webtiles) character file.

Game seed: 2442603309212505075

1923 edsrzf the Grappler (level 8, -4/66 HPs)
             Began as an Armataur Hexslinger on Jan 20, 2024.
             Was a Believer of the Shining One.
             Killed from afar by Maurice (11 damage)
             ... with a puff of flame
             ... on level 7 of the Dungeon.
             The game lasted 00:16:06 (6359 turns).

edsrzf the Grappler (Armataur Hexslinger)           Turns: 6359, Time: 00:16:07

Health: -4/66      AC:  4    Str: 21    XL:     8   Next: 96%
Magic:  0/10       EV:  9    Int: 15    God:    the Shining One [**....]
Gold:   328        SH:  7    Dex: 12    Spells: 9/9 levels left

rFire   . .          .
                       - Unarmed
rCold   . . .        (no shield)
rNeg    + + .        l - +0 robe of the Snail {rN+}
rPois   .            (no helmet)
rElec   +            (no cloak)
rCorr   .            (no gloves)
SInv    .            (no barding)
Will    ++...        (no amulet)
Stlth   +            w - ring of willpower
HPRegen 0.31/turn    n - +6 ring of strength
MPRegen 0.12/turn

%: roll
@: divinely shielded, glowing
A: large, deformed body, tough skin 3, armoured tail, roll 2, strong-willed 1,
sense surroundings 1, electricity resistance, inability to read after injury 1
a: Renounce Religion, Divine Shield


You were on level 7 of the Dungeon.
You worshipped the Shining One.
The Shining One was pleased with you.
You visited 1 branch of the dungeon, and saw 7 of its levels.

You collected 328 gold pieces.

Inventory:

Hand Weapons
 a - a +1 sling
 f - a +1 dagger of venom
Armour
 l - the +0 robe of the Snail (worn) {rN+}
   (You found it on level 2 of the Dungeon)

   rN+:       It protects you from negative energy.
Jewellery
 n - a +6 ring of strength (right hand)
 w - a ring of willpower (left hand)
Wands
 t - a wand of flame (21)
Scrolls
 b - a scroll of poison
 c - a scroll of vulnerability {unknown}
 d - a scroll of amnesia {unknown}
 e - 3 scrolls of identify
 g - 3 scrolls of teleportation {unknown}
 j - a scroll of fear {unknown}
 k - 3 scrolls of blinking {unknown}
 o - 2 scrolls of enchant weapon {unknown}
 p - 2 scrolls of immolation {unknown}
 r - 2 scrolls of revelation {unknown}
 v - a scroll of acquirement {unknown}
 x - a scroll of fog {unknown}
Potions
 q - a potion of resistance
 s - a potion of mutation {!q}
 u - a potion of enlightenment


   Skills:
 - Level 4.0 Fighting
 - Level 1.3 Ranged Weapons
 + Level 5.0 Armour
 - Level 1.3 Dodging
 + Level 8.4 Unarmed Combat
 - Level 1.0 Spellcasting
 - Level 2.6 Hexes
 - Level 0.8 Fire Magic
 - Level 3.0 Invocations


You had 9 spell levels left.
You didn't know any spells.
Your spell library contained the following spells:

 Spells                   Type           Power      Damage    Failure   Level
 Jinxbite                 Hex            16%        N/A       12%         2
 Ensorcelled Hibernation  Hex/Ice        8%         N/A       22%         2
 Necrotise                Necr           0%         1d4       24%         1
 Sigil of Binding         Hex            8%         N/A       24%         3
 Inner Flame              Hex/Fire       6%         N/A       34%         3
 Blink                    Tloc           0%         N/A       36%         2
 Lesser Beckoning         Tloc           0%         N/A       36%         2
 Momentum Strike          Conj/Tloc      0%         3d8       36%         2
 Passwall                 Erth           0%         N/A       58%         3
 Swiftness                Air            0%         N/A       58%         3
 Vampiric Draining        Necr           0%         2d6       58%         3
 Cause Fear               Hex            4%         N/A       63%         4
 Dimensional Bullseye     Hex/Tloc       2%         N/A       80%         4
 Martyr's Knell           Necr/Summ      0%         N/A       94%         4
 Curse of Agony           Necr           0%         N/A       100%        5


Dungeon Overview and Level Annotations

Branches:
Dungeon (7/15)             Temple (0/1) D:5

Altars:
Ashenzari
Cheibriados
Gozag
Nemelex Xobeh
Qazlal
Sif Muna
Wu Jian
Xom
Yredelemnul
The Shining One

Shops:
D:4 (   D:6 :

Annotations:
D:4 1 runed translucent door, 1 exclusion, Crazy Yiuf
D:7 Maurice


Innate Abilities, Weirdness & Mutations

Armour fits poorly on your strangely shaped body.
You have extremely tough skin. (AC +3)
You have a long armoured tail.
You regenerate magic and health when rolling toward enemies. (Rampage Regen)
You are strong-willed. (Will+)
You passively map a small area around you.
You are resistant to electric shocks. (rElec)
You occasionally lose the ability to read scrolls when taking damage.


Message History

The ice beast hits you. The ice beast freezes you.
You punch the ice beast!
The ice beast is almost dead.
The ice beast closely misses you.
You punch the ice beast!
You kill the ice beast!
You see here a hound corpse.
You start resting.
HP restored.
You now have 311 gold pieces (gained 20).
Found a stone staircase leading down.
Found a glaive.
There is a stone staircase leading down here.
Found a stone staircase leading up.
You see here a +0 glaive.
There is a stone staircase leading up here.
There is a shaft here.
g - 3 scrolls labelled COT CINIADGH (gained 1)
Found an escape hatch in the ceiling.
o - 2 scrolls labelled DOUNOCUSAI (gained 1)
You open the door.
There is an open door here.
Found a dagger.
You now have 328 gold pieces (gained 17).
Found a stone staircase leading up.
You see here a +0 dagger.
You see here a hound corpse.
There is an open door here.
Done exploring.
Done exploring.
Done exploring.
Done exploring.
There is a stone staircase leading down here.
You climb downwards.
Maurice shouts!
You hear a shout! x3
Found a stone staircase leading down and a stone staircase leading up.
There is a stone staircase leading up here.
There are monsters nearby!
Found 7 gold pieces.
An orc comes into view. It is wielding a +0 war axe.
You roll towards the orc!
You completely miss the orc. The orc hits you with a +0 hand axe.
You barely miss the orc. You punch the orc!
You kill the orc!
You hit the orc priest.
The orc priest is heavily wounded.
The orc priest mumbles some strange prayers to Beogh against you.
Beogh smites you!
You punch the orc priest!
You kill the orc priest!
The Shining One accepts your kill.
Your Armour skill increases to level 5!
Unknown command.
You barely miss the orc. You tail-slap the orc.
The orc is lightly wounded.
Maurice mumbles some strange words.
Maurice flickers and vanishes!
Deactivating autopickup; reactivate with Ctrl-A.
The orc hits you with a +0 war axe.
You punch the orc!
You kill the orc!
You roll towards Maurice!
You barely miss Maurice.
Maurice hits you with a +5 dagger of flaming!
Maurice steals your staff of earth! Maurice burns you. Maurice bites you.
You feel your power leaking away. Maurice drains your magic.
You hit Maurice but do no damage.
Maurice hits you with a +5 dagger of flaming.
Maurice steals your serpent talisman! Maurice burns you. Maurice bites you.
You feel your power leaking away. Maurice drains your magic.
You hit Maurice but do no damage.
Maurice hits you with a +5 dagger of flaming!
* * * LOW HITPOINT WARNING * * *
Maurice steals your 3 javelins! Maurice burns you.
* * * LOW HITPOINT WARNING * * *
Maurice closely misses you.
You punch Maurice! You punch Maurice.
Maurice is moderately wounded.
Okay, then.
An ice beast comes into view.
Maurice zaps a wand.
The puff of flame hits you!
* * * LOW HITPOINT WARNING * * *
There is a stone staircase leading up here.
Okay, then.
Okay, then.
Okay, then.
Press: ? - help, v - describe, . - travel, g - get item
Here: Maurice, wielding a +5 dagger of flaming, wearing a +0 cloak, quivering javelins and carrying a wand of flame (moderately wounded, slightly transparent, haloed)
Items here: ))) [[ †††.
The floor, spattered with blood.
Unknown command.
Unknown command.
Okay, then.
Unknown command.
A divine shield forms around you!
Maurice lashes his vines and gnashes his teeth.
Maurice zaps a wand.
The puff of flame hits you!
You die...

, * , ,,, * *
#### ** _ **
*#.... * ,, *,,
#.... , * #....#
# , #..>..* .<.
#.....#####...#
, ,
#...Y.f@.....# ,
,
##..#####.......
# ~~~...$ , ~
≈≈~~~~. 8 ~ ~
≈≈≈≈≈~~~ ~
~~~≈≈≈≈≈ ~, , ~
#~~~~≈≈ , *
###~~~ , , ~


You could see Maurice (invisible) and an ice beast.

Vanquished Creatures
  Menkaure (D:5)
  A water moccasin (D:5)
  An ice beast (D:6)
  2 sky beasts (D:6)
  An orc warrior (D:6)
  A centaur (D:6)
  2 phantoms
  Blork the orc (D:5)
  2 scorpions
  3 wights (D:6)
  A howler monkey (D:6)
  4 hounds
  2 bombardier beetles
  A jelly (D:5)
  2 orc priests
  2 iguanas
  2 orc wizards (D:3)
  5 gnolls
  9 adders
  13 river rats (D:5)
  A shadow imp (D:6)
  2 ufetubi (D:5)
  4 ribbon worms
  2 dart slugs
  10 orcs
  5 endoplasms
  A giant cockroach (D:2)
  6 goblins
  4 hobgoblins
  2 jackals (D:1)
  4 kobolds
  2 quokkas (D:3)
  8 ball pythons
  5 bats
  A frilled lizard (D:1)
  11 rats
124 creatures vanquished.

Notes
Turn   | Place    | Note
-------+----------+-------------------------------------------
     0 | D:1      | edsrzf the Armataur Hexslinger began the quest for the Orb.
     0 | D:1      | Reached XP level 1. HP: 15/15 MP: 2/2
   103 | D:1      | Reached skill level 1 in Unarmed Combat
   183 | D:1      | Reached XP level 2. HP: 21/22 MP: 3/3
   353 | D:1      | Reached skill level 2 in Unarmed Combat
   889 | D:2      | Reached XP level 3. HP: 19/27 MP: 4/4
  1001 | D:2      | Identified the +0 robe of the Snail {rN+}
  1202 | D:2      | Found a faded altar of an unknown god.
  1222 | D:2      | Prayed at the altar of an unknown god.
  1222 | D:2      | Became a worshipper of the Shining One
  1222 | D:2      | Reached * piety under the Shining One
  1260 | D:2      | Reached skill level 3 in Unarmed Combat
  1484 | D:3      | Reached XP level 4. HP: 22/34 MP: 5/5
  1568 | D:3      | Identified 2 potions of mutation
  1568 | D:3      | Gained mutation: Your body sometimes deteriorates upon
                  | taking damage. [potion of mutation]
  1568 | D:3      | Gained mutation: You are covered in fur. (AC +1) [potion of
                  | mutation]
  1785 | D:3      | Found a shimmering altar of Xom.
  1929 | D:3      | Lost mutation: You are covered in fur. (AC +1) [potion of
                  | mutation]
  1929 | D:3      | Lost mutation: Your body sometimes deteriorates upon taking
                  | damage. [potion of mutation]
  1929 | D:3      | Gained mutation: You passively map a small area around you.
                  | [potion of mutation]
  1929 | D:3      | Gained mutation: You are resistant to electric shocks.
                  | (rElec) [potion of mutation]
  1929 | D:3      | Gained mutation: You occasionally lose the ability to read
                  | scrolls when taking damage. [potion of mutation]
  1929 | D:3      | Gained mutation: You are strong-willed. (Will+) [potion of
                  | mutation]
  2085 | D:3      | Found a stormy altar of Qazlal.
  2086 | D:3      | Found a basalt altar of Yredelemnul.
  2162 | D:3      | Reached skill level 4 in Unarmed Combat
  2173 | D:3      | Identified 2 potions of curing
  2174 | D:3      | Identified 2 potions of resistance
  2177 | D:3      | Reached XP level 5. HP: 12/39 MP: 6/6
  2942 | D:4      | Found a sparkling altar of Nemelex Xobeh.
  2942 | D:4      | Found an ornate altar of the Wu Jian Council.
  2958 | D:4      | Reached skill level 5 in Unarmed Combat
  2958 | D:4      | Found an opulent altar of Gozag.
  2966 | D:4      | Found a broken altar of Ashenzari.
  2974 | D:4      | Found a shimmering blue altar of Sif Muna.
  2982 | D:4      | Found a snail-covered altar of Cheibriados.
  3076 | D:4      | Identified the +11 hammer "Beuc" {freeze, rC+ rCorr}
  3080 | D:4      | Found a runed translucent door.
  3081 | D:4      | Noticed Crazy Yiuf
  3115 | D:4      | Reached skill level 1 in Fighting
  3168 | D:4      | Found Saic's Weapon Emporium.
  3452 | D:5      | Entered Level 5 of the Dungeon
  3539 | D:5      | Noticed Menkaure
  3553 | D:5      | Killed Menkaure
  3554 | D:5      | Reached skill level 2 in Fighting
  3554 | D:5      | Reached XP level 6. HP: 18/48 MP: 7/7
  3989 | D:5      | Found a staircase to the Ecumenical Temple.
  4018 | D:5      | Reached skill level 6 in Unarmed Combat
  4018 | D:5      | Gained mutation: You regenerate magic and health when
                  | rolling toward enemies. (Rampage Regen) [Armataur growth]
  4018 | D:5      | Reached XP level 7. HP: 52/56 MP: 8/8
  4101 | D:5      | Reached skill level 3 in Fighting
  4319 | D:5      | Identified 4 scrolls of identify
  4319 | D:5      | Identified a potion of enlightenment
  4339 | D:5      | Noticed Blork the orc
  4339 | D:5      | Reached ** piety under the Shining One
  4348 | D:5      | Killed Blork the orc
  4605 | D:5      | Reached skill level 4 in Fighting
  4620 | D:5      | Reached skill level 1 in Invocations
  5099 | D:6      | Reached skill level 7 in Unarmed Combat
  5099 | D:6      | Reached skill level 2 in Invocations
  5099 | D:6      | Reached XP level 8. HP: 53/66 MP: 9/9
  5212 | D:6      | Identified a potion of heal wounds
  5221 | D:6      | Reached skill level 3 in Invocations
  5463 | D:6      | Reached skill level 1 in Armour
  5593 | D:6      | Reached skill level 2 in Armour
  5706 | D:6      | Reached skill level 3 in Armour
  5995 | D:6      | Found Peg Gut's Book Shoppe.
  6085 | D:6      | Reached skill level 8 in Unarmed Combat
  6087 | D:6      | Reached skill level 4 in Armour
  6345 | D:7      | Noticed Maurice
  6352 | D:7      | Reached skill level 5 in Armour
  6354 | D:7      | Maurice stole a staff of earth
  6355 | D:7      | Maurice stole a serpent talisman
  6356 | D:7      | Maurice stole 3 javelins
  6359 | D:7      | Killed from afar by Maurice

Illustrated notes

Levels and vault maps discovered:
D:1:      psy_arrival_basics, layout_loops_cross
D:2:      layout_basic, ebering_ecumenical_altar_sacrificial, serial_forest,
          infiniplex_forest_diagonal, infiniplex_forest_clump_double,
          infiniplex_forest_clump_small, infiniplex_forest_clump_diagonal,
          minmay_tromino_v4_a
D:3:      layout_loops_ring, xom_teletrap_fun, mainiacjoe_overflow_divided_tiny,
          minmay_misc_feat_nine_boxes, kennysheep_cluttered_room
D:4:      layout_loops_ring, nicolae_overflow_hallway_of_the_gods, serial_shops,
          shop, bh_walls_and_bars, uniq_crazy_yiuf_cottage
D:5:      layout_loops_corners, minmay_temple_entry_arrows, dk_rats_in_the_wall,
          uniq_menkaure, uniq_blork_the_orc
D:6:      layout_loops_corners, serial_shops, shop
D:7:      wander_river, layout_rooms, kennysheep_mini, uniq_pikel, uniq_maurice,
          uniq_prince_ribbit1, uniq_maggie

Skill      XL: |  1  2  3  4  5  6  7  8 |
---------------+-------------------------+-----
Unarmed Combat | 1 2 3 4 5 6 7 8 |  8.4
Fighting       | 2 4 |  4.0
Invocations    | 2 3 |  3.0
Armour         | 5 |  5.0
Ranged Weapons | |  1.3
Dodging        | |  1.3
Spellcasting   | |  1.0
Hexes          | |  2.6
Fire Magic     | |  0.8

Action                     |  1- 3 |  4- 6 |  7- 9 || total
---------------------------+-------+-------+-------++-------
  Melee: Unarmed           |    98 |   142 |   193 ||   433
         Tailslap          |    14 |    18 |    34 ||    66
         Punch             |     5 |     3 |     7 ||    15
   Fire: Sling             |    20 |       |       ||    20
  Throw: Javelin           |       |     1 |     1 ||     2
 Invoke: Divine Shield     |       |       |     2 ||     2
    Use: Potion            |       |     5 |     2 ||     7
         Scroll            |       |       |     1 ||     1
   Stab: Sleeping          |     1 |       |       ||     1
 Armour: Robe              |    59 |    84 |   121 ||   264
  Dodge: Dodged            |    43 |    53 |    50 ||   146
